 Dungeon Crawl Stone Soup version 0.30-a0-414-gcb316572d5 (webtiles) character file.

Game seed: 16740871654405365614

89235 qeuew the Hand of Fortune (level 15, -2/117 (134) HPs)
             Began as a Hill Orc Fighter on Dec 7, 2022.
             Was the Champion of Nemelex Xobeh.
             Drowned by a drowned soul (16 damage)
             ... summoned by a merfolk avatar
             ... on level 3 of the Shoals.
             The game lasted 00:58:20 (32149 turns).

qeuew the Hand of Fortune (Hill Orc Fighter)       Turns: 32149, Time: 00:58:25

HP:   -2/117 (134)  AC: 33    Str: 33      XL:     15   Next: 96%
MP:   28/28         EV: 12    Int:  7      God:    Nemelex Xobeh [******]
Gold: 925           SH:  7    Dex: 12 (13) Spells: 14/14 levels left

rFire   + . .      SeeInvis .    x - +2 war axe (vorpal)
rCold   . . .      Faith    .    c - +0 buckler
rNeg    . . .      Spirit   .    G - +13 chain mail of Jorchi {Harm rF- rCorr}
rPois   .          Reflect  .    h - +0 helmet "Mybioz" {Str+6}
rElec   .          Harm     +    (no cloak)
rCorr   +          Rampage  .    (no gloves)
Will    ++...                    F - +1 pair of boots of Ru's Scorn {Fly rF+ Will+}
Stlth   ..........               (no amulet)
HPRegen 0.39/turn                k - +4 ring of protection
MPRegen 0.21/turn                p - ring of protection from fire

@: flying, mesmerised, heavily drained
A: deterioration 1, strong 1
a: Renounce Religion, Draw Escape, Draw Destruction, Draw Summoning, Triple
Draw, Deal Four, Stack Five


You were on level 3 of the Shoals.
You worshipped Nemelex Xobeh.
Nemelex Xobeh was exalted by your worship.
You visited 4 branches of the dungeon, and saw 23 of its levels.
You also visited: Ossuary, Ice Cave and Volcano.

You collected 2644 gold pieces.
You spent 1719 gold pieces at shops.

Inventory:

Hand Weapons
 a - a +1 war axe of draining
 x - a +2 vorpal war axe (weapon)
Missiles
 s - 7 throwing nets
Armour
 c - a +0 buckler (worn)
 h - the +0 helmet "Mybioz" (worn) {Str+6}
   (You acquired it on level 3 of the Dungeon)

   Str:       It affects your strength (+6).
 F - the +1 pair of boots of Ru's Scorn (worn) {Fly rF+ Will+}
   (You found it on level 12 of the Dungeon)

   rF:        It protects you from fire.
   Fly:       It grants you flight.
   Will:      It increases your willpower.
 G - the +13 chain mail of Jorchi (worn) {Harm rF- rCorr}
   (You bought it in a shop on level 2 of the Orcish Mines)

   rF:        It makes you vulnerable to fire.
   rCorr:     It protects you from acid and corrosion.
   Harm:      It increases damage dealt and taken.
Jewellery
 k - a +4 ring of protection (left hand)
 p - a ring of protection from fire (right hand)
 z - a ring of resist corrosion
Wands
 f - a wand of paralysis (20)
 g - a wand of flame (31) (quivered)
 o - a wand of digging (4)
 D - a wand of iceblast (19)
 E - a wand of light (7)
Scrolls
 b - a scroll of fear
 e - 2 scrolls of enchant armour
 i - 4 scrolls of teleportation
 n - 10 scrolls of identify
 q - 3 scrolls of silence
 t - a scroll of magic mapping
 v - 2 scrolls of amnesia
 y - 6 scrolls of fog
 A - a scroll of enchant weapon
 H - 3 scrolls of brand weapon
 I - a scroll of summoning
Potions
 d - 9 potions of might
 j - 8 potions of brilliance
 l - 3 potions of flight
 m - 13 potions of curing
 r - 4 potions of magic
 u - 3 potions of resistance
 w - 2 potions of ambrosia
 B - 4 potions of haste
Miscellaneous
 C - a phantom mirror


   Skills:
 + Level 12.7 Fighting
 + Level 13.6 Axes
 + Level 11.8 Armour
 + Level 8.7 Dodging
 + Level 11.9 Shields
 * Level 18.3 Invocations
 + Level 8.7 Evocations


You had 14 spell levels left.
You didn't know any spells.
Your spell library contained the following spells:

 Spells                   Type           Power      Damage    Failure   Level
 Apportation              Tloc           0%         N/A       88%         1
 Foxfire                  Conj/Fire      0%         2x1d4     88%         1
 Magic Dart               Conj           0%         1d3       88%         1
 Necrotise                Necr           0%         1d4       88%         1
 Slow                     Hex            0%         N/A       88%         1
 Summon Small Mammal      Summ           0%         N/A       88%         1
 Ensorcelled Hibernation  Hex/Ice        0%         N/A       95%         2
 Passwall                 Tmut/Erth      0%         N/A       95%         2
 Searing Ray              Conj           0%         2d4       95%         2
 Call Canine Familiar     Summ           0%         N/A       99%         3
 Confusing Touch          Hex            0%         N/A       99%         3
 Ozocubu's Armour         Ice            0%         N/A       99%         3
 Summon Guardian Golem    Hex/Summ       0%         N/A       99%         3
 Swiftness                Air            0%         N/A       99%         3
 Vampiric Draining        Necr           0%         2d6       99%         3
 Airstrike                Air            0%         2d(0-16)  100%        4
 Flame Wave               Conj/Fire      0%         2d4       100%        4
 Fulminant Prism          Conj/Hex       0%         3d5       100%        4
 Olgreb's Toxic Radiance  Pois           0%         N/A       100%        4
 Summon Lightning Spire   Summ/Air       0%         N/A       100%        4
 Fireball                 Conj/Fire      0%         3d3       100%        5
 Lightning Bolt           Conj/Air       0%         1d11      100%        5
 Summon Forest            Summ/Tloc      0%         N/A       100%        5
 Starburst                Conj/Fire      0%         6d3       100%        6
 Orb of Destruction       Conj           0%         9d5       100%        7
 Ozocubu's Refrigeration  Ice            0%         4d7       100%        7
 Spellforged Servitor     Conj/Summ      0%         N/A       100%        7
 Ignition                 Fire           0%         3d3       100%        8
 Chain Lightning          Conj/Air       0%         N/A       100%        9
 Fire Storm               Conj/Fire      0%         5d1       100%        9
 Shatter                  Erth           0%         3d5*      100%        9


Dungeon Overview and Level Annotations

Branches:
Dungeon (13/15)            Temple (0/1) D:5            Lair (5/5) D:11
 Shoals (3/4) Lair:3       Spider (0/4) Lair:2        Slime (0/5) Lair:5
    Orc (2/2) D:10            Elf (0/3) Orc:2        Vaults (0/5) D:13
Ossuary (visited)           IceCv (visited)         Volcano (visited)

Altars:
Ashenzari
Elyvilon
Fedhas
Hepliaklqana
Kikubaaqudgha
Makhleb
Nemelex Xobeh
Ru
Trog
Vehumet
Wu Jian
Xom
The Shining One
Beogh
Jiyva

Shops:
D:7 [(((   D:8 :   D:12 ***   Orc:1 !   Orc:2 *=[(   Shoals:1 *   Shoals:2 *(*


Innate Abilities, Weirdness & Mutations

Your body sometimes deteriorates upon taking damage.
Your muscles are strong. (Str +4, Int/Dex -1)


Message History

Shadowy forms rise from the deep at the merfolk avatar's song!
The merfolk impaler closely misses you.
You hit the merfolk impaler but do no damage.
The merfolk impaler is almost dead.
The pull of its song draws you forwards.
The merfolk avatar chants its luring song.
The merfolk impaler hits you with a +0 demon trident of draining.
You feel drained.
You slice the merfolk impaler!!
You kill the merfolk impaler!
The merfolk avatar chants its luring song.
You feel your intelligence returning.
The merfolk avatar chants its luring song.
The merfolk avatar chants its luring song.
You miss the merfolk avatar.
The merfolk avatar chants its luring song.
You hit the merfolk avatar.
The merfolk avatar is lightly wounded.
The merfolk avatar chants its luring song.
You closely miss the merfolk avatar.
The merfolk avatar is lightly wounded.
Found 15 gold pieces.
The merfolk avatar chants its luring song.
The satyr shouts!
You closely miss the merfolk avatar.
The merfolk avatar is lightly wounded.
The satyr shoots an arrow.
The arrow hits you.
The merfolk avatar chants its luring song.
The drowned soul touches you. The drowned soul drowns you!
* * * LOW HITPOINT WARNING * * *
You block the drowned soul's attack.
The satyr shoots an arrow.
The arrow hits you!
* * * LOW HITPOINT WARNING * * *
You hit the merfolk avatar.
The merfolk avatar is lightly wounded.
You closely miss the drowned soul.
The merfolk avatar chants its luring song.
The drowned soul touches you. The drowned soul drowns you!
You die...
Your body glows slightly and disappears.

#.~~~~ ~~~~~
≈≈≈≈≈~~~.$......
c~~~
~~~≈≈≈~~........
~~.
~~~≈≈≈≈~~~.~~... ~
~..
~~~≈≈≈≈≈~~.....
.~≈≈≈≈≈≈~....##.
..≈≈≈≈≈W........
.~~~~~m~........
.~.~~~~@........#
.....~..........#
...>.~....##....#
.....!.†.)......#
.c.##.##.)###...##
.# #.....##.....#
#.........~~.###
###.†.............
#......~..<~..~...


You could see a merfolk avatar (mesmerising), a satyr and a drowned soul
(summoned).

Vanquished Creatures
  Jorgrun (Orc:2)
  An ettin (Orc:1)
  2 fire dragons
  A merfolk impaler (Shoals:3)
  2 vault guards (D:13)
  Harold (D:11)
  2 hydras
  A radroach (D:13)
  2 merfolk avatars
  2 two-headed ogres (D:11)
  3 boulder beetles
  A centaur warrior (D:13)
  A satyr (Shoals:2)
  A tengu warrior (D:13)
  A death yak (Orc:1)
  An orc high priest (Orc:2)
  4 sea snakes
  3 harpies (Lair:5)
  3 orc knights
  3 orc sorcerers (Orc:2)
  8 manticores
  4 ugly things
  4 salamanders (Volcano)
  6 cyclopes
  4 fauns (Shoals:1)
  2 molten gargoyles (Volcano)
  5 black mambas
  14 elephants
  6 merfolk sirens
  A rust devil (D:13)
  4 water nymphs
  2 ice statues (IceCv)
  2 gargoyles (Volcano)
  Maggie (Lair:2)
  8 cane toads
  5 rime drakes
  An unseen horror (D:12)
  An efreet (D:13)
  5 komodo dragons
  2 ice devils (D:11)
  A tengu conjurer (D:13)
  A freezing wraith (IceCv)
  11 merfolk
  A troll (D:13)
  5 wind drakes
  2 polar bears (Lair:5)
  A tyrant leech (D:13)
  4 hornets
  3 tarantellas (D:13)
  12 blink frogs
  A raiju (Lair:5)
  10 snapping turtles
  13 dream sheep
  7 slime creatures
  2 water elementals (Shoals:2)
  2 shadows
  A wraith (D:11)
  8 wyverns
  A fire bat (Orc:1)
  26 yaks
  6 steam dragons
  11 vampire mosquitoes
  4 basilisks
  A redback (Lair:2)
  Menkaure (D:6)
  5 wargs (Orc:2)
  2 acid dragons
  A floating eye (Shoals:2)
  17 water moccasins
  3 sky beasts
  2 ice beasts (D:6)
  6 ogres
  31 orc warriors
  4 black bears
  13 wolves
  A boggart (Orc:2)
  5 centaurs
  A phantom (D:3)
  2 kobold brigands
  A necrophage (D:7)
  16 bullfrogs
  3 gnoll sergeants
  7 scorpions
  A wight (D:7)
  8 killer bees
  9 howler monkeys
  An electric eel (Lair:3)
  A crimson imp (D:13)
  2 hounds (D:6)
  A gnoll bouda (D:6)
  An iron imp (D:13)
  7 jellies
  24 orc priests
  18 orc wizards
  3 iguanas
  A wolf simulacrum (IceCv)
  3 mummies (Ossuary)
  Robin (D:2)
  15 gnolls
  10 adders
  A shadow imp (D:6)
  4 white imps
  2 ufetubi
  2 adder zombies (Ossuary)
  2 worms
  2 dart slugs
  82 orcs
  10 ball pythons
  14 endoplasms
  6 giant cockroaches
  4 hobgoblins
  37 kobolds
  A quokka (D:3)
  8 bats
  3 frilled lizards
  26 goblins
  5 goblin zombies (Ossuary)
  4 hobgoblin zombies (Ossuary)
  3 kobold zombies (Ossuary)
  4 quokka zombies (Ossuary)
  7 rats
  A butterfly (Lair:5)
  A fungus (Orc:2)
711 creatures vanquished.

Vanquished Creatures (collateral kills)
  A red draconian (Volcano)
  Nessos (Orc:2)
  An orc high priest (Orc:2)
  4 elephants (Lair:3)
  A rime drake (Lair:3)
  A troll (D:10)
  A vampire (D:9)
  A wraith (D:11)
  4 yaks
  A wyvern (D:11)
  A basilisk (D:11)
  A steam dragon (D:10)
  A vampire mosquito (D:11)
  A naga (Orc:2)
  Duvessa (D:7)
  A water moccasin (D:11)
  An orc warrior (Orc:2)
  A sky beast (Orc:2)
  A cane toad simulacrum (IceCv)
  Dowan (D:7)
  An elephant simulacrum (IceCv)
  An orc wizard (D:10)
  2 worms (Orc:2)
30 creatures vanquished.

Vanquished Creatures (others)
  A human (D:9)
  57 fungi
  100 plants
158 creatures vanquished.

Grand Total: 899 creatures vanquished

Notes
Turn   | Place    | Note
-------+----------+-------------------------------------------
     0 | D:1      | qeuew the Hill Orc Fighter began the quest for the Orb.
     0 | D:1      | Reached XP level 1. HP: 19/19 MP: 1/1
   192 | D:1      | Reached XP level 2. HP: 27/27 MP: 2/2
   450 | D:1      | Reached XP level 3. HP: 24/33 MP: 3/3
   492 | D:1      | Found a faded altar of an unknown god.
   505 | D:1      | Prayed at the altar of an unknown god.
   505 | D:1      | Became a worshipper of Nemelex Xobeh the Trickster
   505 | D:1      | Reached * piety under Nemelex Xobeh
   505 | D:1      | Received a gift from Nemelex Xobeh
  1061 | D:2      | Reached ** piety under Nemelex Xobeh
  1071 | D:2      | Found a bloodstained altar of Trog.
  1160 | D:2      | Reached skill level 1 in Dodging
  1160 | D:2      | Reached skill level 1 in Invocations
  1160 | D:2      | Reached XP level 4. HP: 12/40 MP: 4/4
  1271 | D:2      | Noticed Robin
  1279 | D:2      | Killed Robin
  1418 | D:2      | Reached skill level 2 in Invocations
  1675 | D:3      | Noticed a phantom
  1690 | D:3      | Killed a phantom
  1691 | D:3      | Reached XP level 5. HP: 41/47 MP: 5/7
  1777 | D:3      | Reached skill level 3 in Invocations
  1932 | D:3      | Reached XP level 6. HP: 14/53 MP: 8/8
  2257 | D:3      | Received a gift from Nemelex Xobeh
  2438 | D:3      | Identified a scroll of acquirement
  2438 | D:3      | Acquired the +0 helmet "Mybioz" {Str+6}
  2446 | D:3      | Gained mutation: You expend magic power (3 MP) to
                  | strengthen your wands. [potion of mutation]
  2446 | D:3      | Gained mutation: Your system is resistant to poisons.
                  | (rPois) [potion of mutation]
  2446 | D:3      | Gained mutation: You are frail. (-10% HP) [potion of
                  | mutation]
  2924 | D:5      | Entered Level 5 of the Dungeon
  2932 | D:5      | Noticed a black bear
  2938 | D:5      | Killed a black bear
  2939 | D:5      | Reached skill level 4 in Invocations
  2939 | D:5      | Reached XP level 7. HP: 51/54 MP: 8/10
  2959 | D:5      | Found a hazy altar of Hepliaklqana.
  2976 | D:5      | Reached skill level 5 in Fighting
  2990 | D:5      | Found a sand-covered staircase.
  3024 | Ossuary  | Entered an ossuary
  3046 | Ossuary  | Reached *** piety under Nemelex Xobeh
  3214 | D:5      | Reached skill level 5 in Invocations
  3281 | D:5      | Reached skill level 5 in Axes
  3338 | D:5      | Reached skill level 5 in Shields
  3338 | D:5      | Reached XP level 8. HP: 50/62 MP: 12/12
  3565 | D:5      | Found a staircase to the Ecumenical Temple.
  4114 | D:6      | Reached skill level 5 in Armour
  4133 | D:6      | Reached skill level 6 in Invocations
  4401 | D:6      | Reached skill level 7 in Invocations
  4475 | D:6      | Received a gift from Nemelex Xobeh
  4486 | D:6      | Reached **** piety under Nemelex Xobeh
  4511 | D:6      | Noticed Menkaure
  4522 | D:6      | Killed Menkaure
  4523 | D:6      | Reached XP level 9. HP: 34/69 MP: 14/14
  5106 | D:7      | Found a hazy altar of Hepliaklqana.
  5143 | D:7      | Reached skill level 8 in Invocations
  5314 | D:7      | Noticed a troll
  5328 | D:7      | a troll changed into a black bear
  5378 | D:7      | Noticed a purple ugly thing
  5542 | D:7      | Found Dips's Antique Weapon Shop.
  5617 | D:7      | Found an ancient bone altar of Kikubaaqudgha.
  5624 | D:7      | Reached skill level 9 in Invocations
  5650 | D:7      | Found a glowing golden altar of the Shining One.
  5650 | D:7      | Found a burning altar of Makhleb.
  5650 | D:7      | Found a shimmering altar of Xom.
  5666 | D:7      | Reached XP level 10. HP: 24/77 MP: 16/16
  5723 | D:7      | Noticed Dowan
  5727 | D:7      | Noticed Duvessa
  5735 | D:7      | Killed a purple ugly thing
  5736 | D:7      | Identified the +0 hand axe of War {vorpal, Will+}
  5740 | D:7      | Killed Duvessa
  5750 | D:7      | Killed Dowan
  5962 | D:7      | Got the Compilation of Apparitions and Combat Magic
  5976 | D:7      | Identified the +1 leather armour "Forget-Me-Not" {Str+7}
  6052 | D:7      | Found Loatesm's Antique Weapon Boutique.
  6142 | D:7      | Received a gift from Nemelex Xobeh
  6207 | D:7      | Found a white marble altar of Elyvilon.
  6268 | D:7      | Found Haupt's Antique Weapon Boutique.
  6454 | D:7      | Found Qupumoryc's Armour Emporium.
  6503 | D:7      | Found Ovelac Porao's Magic Scroll Shop.
  6570 | D:7      | Reached skill level 10 in Invocations
  7199 | D:8      | Reached skill level 1 in Evocations
  7495 | D:8      | Found a sacrificial altar of Ru.
  7708 | D:8      | Found Toyrr's Book Shoppe.
  8333 | D:9      | Found a blossoming altar of Fedhas.
  8354 | D:9      | Received a gift from Nemelex Xobeh
  8363 | D:9      | Identified the +1 robe of Ru's Delight {rC+ Int+2}
  8824 | D:9      | Found a broken altar of Ashenzari.
  8828 | D:9      | Saw a vision of the Shoals and the Spider Nest.
  8828 | D:9      | Noticed a manticore
  8828 | D:9      | Noticed a sea snake
  8828 | D:9      | Noticed a merfolk siren
  8828 | D:9      | Noticed a manticore
  8828 | D:9      | Noticed a sea snake
  8828 | D:9      | Noticed a manticore
  8828 | D:9      | Noticed an entropy weaver
  8828 | D:9      | Noticed a spark wasp
  8828 | D:9      | Noticed a manticore
  8829 | D:9      | Noticed a torpor snail
  8829 | D:9      | Noticed a wolf spider
  8829 | D:9      | Noticed a wolf spider
  8830 | D:9      | Noticed a water nymph
  8830 | D:9      | Noticed a torpor snail
  8882 | D:9      | Found an ornate altar of the Wu Jian Council.
  8882 | D:9      | Found a radiant altar of Vehumet.
  8991 | D:9      | Found an ancient bone altar of Kikubaaqudgha.
  9105 | D:9      | Reached XP level 11. HP: 67/84 MP: 19/19
  9115 | D:9      | Reached skill level 11 in Invocations
  9278 | D:9      | Reached skill level 5 in Dodging
  9289 | D:9      | Received a gift from Nemelex Xobeh
  9294 | D:9      | Reached ***** piety under Nemelex Xobeh
  9389 | D:10     | Entered Level 10 of the Dungeon
  9911 | D:10     | Found a staircase to the Orcish Mines.
  9915 | D:10     | Noticed a cyan ugly thing
 10090 | D:10     | Killed a cyan ugly thing
 10406 | D:10     | Found a roughly hewn altar of Beogh.
 10419 | D:10     | Received a gift from Nemelex Xobeh
 10766 | D:11     | Reached skill level 12 in Invocations
 10789 | D:11     | Found a staircase to the Lair.
 10841 | D:11     | Found a frozen archway.
 10846 | D:11     | HP: 4/85 [ice devil (12)]
 10856 | IceCv    | Entered an ice cave
 10856 | IceCv    | Noticed a white ugly thing
 10862 | IceCv    | Killed a white ugly thing
 11095 | IceCv    | Found a transporter.
 11101 | IceCv    | Found a transporter.
 11102 | IceCv    | Received a gift from Nemelex Xobeh
 11136 | IceCv    | HP: 1/87 [something (4)]
 11149 | IceCv    | Identified the +0 ring mail "Yruowuul" {Stlth+}
 11408 | D:11     | HP: 4/87 [ice devil (5)]
 11410 | D:11     | Reached XP level 12. HP: 5/93 MP: 21/21
 11859 | D:11     | Identified the +0 chain mail of the Aged Lusting Seas
                  | {Rampage rElec rN+}
 11862 | D:11     | Noticed Harold
 11871 | D:11     | Killed Harold
 11908 | D:11     | Noticed a two-headed ogre
 11920 | D:11     | HP: 1/93 [two-headed ogre/+0 giant club (20)]
 11924 | D:11     | Killed a two-headed ogre
 12227 | Lair:1   | Entered Level 1 of the Lair of Beasts
 12237 | Lair:1   | Reached skill level 10 in Axes
 12237 | Lair:1   | Reached skill level 13 in Invocations
 12747 | Lair:1   | Received a gift from Nemelex Xobeh
 12915 | Lair:1   | HP: 4/95 [blink frog (11)]
 13155 | Lair:1   | Noticed a seven-headed hydra
 13157 | Lair:1   | Killed a seven-headed hydra
 13212 | Lair:1   | Received a gift from Nemelex Xobeh
 13517 | Lair:1   | Lost mutation: Your system is resistant to poisons. (rPois)
                  | [potion of mutation]
 13517 | Lair:1   | Lost mutation: You are frail. (-10% HP) [potion of
                  | mutation]
 13517 | Lair:1   | Lost mutation: You expend magic power (3 MP) to strengthen
                  | your wands. [potion of mutation]
 13517 | Lair:1   | Gained mutation: Your spells are a little easier to cast,
                  | but a little less powerful. [potion of mutation]
 13517 | Lair:1   | Gained mutation: You occasionally lose the ability to drink
                  | potions when taking damage. [potion of mutation]
 13517 | Lair:1   | Gained mutation: You passively dampen the noise of your
                  | surroundings. [potion of mutation]
 13676 | Lair:2   | Received a gift from Nemelex Xobeh
 13676 | Lair:2   | Noticed Fannar
 13690 | Lair:2   | Fannar changed into Fannar the merfolk
 13690 | Lair:2   | Noticed Fannar
 13695 | Lair:2   | Killed Fannar the merfolk
 14061 | Lair:2   | Noticed Maggie
 14077 | Lair:2   | Killed Maggie
 14078 | Lair:2   | Reached skill level 5 in Evocations
 14264 | Lair:2   | Found a hole to the Spider Nest.
 14799 | Lair:3   | Noticed a boulder beetle
 14802 | Lair:3   | Reached skill level 10 in Fighting
 14806 | Lair:3   | Killed a boulder beetle
 14859 | Lair:3   | Reached skill level 14 in Invocations
 14909 | Lair:3   | Received a gift from Nemelex Xobeh
 14981 | Lair:3   | Reached XP level 13. HP: 65/113 MP: 23/23
 15532 | Lair:3   | Found a staircase to the Shoals.
 16576 | Lair:4   | Reached skill level 15 in Invocations
 16765 | Lair:4   | Received a gift from Nemelex Xobeh
 16950 | Lair:4   | Reached ****** piety under Nemelex Xobeh
 16961 | Lair:4   | Received a gift from Nemelex Xobeh
 17471 | Lair:5   | Entered Level 5 of the Lair of Beasts
 17632 | Lair:5   | Reached skill level 10 in Armour
 18002 | Lair:5   | Reached skill level 10 in Shields
 18536 | Lair:5   | Reached XP level 14. HP: 83/124 MP: 25/25
 19297 | Lair:5   | Received a gift from Nemelex Xobeh
 19370 | Lair:5   | Found a staircase to the Slime Pits.
 19409 | Lair:5   | Reached skill level 16 in Invocations
 20013 | Lair:5   | Paralysed by a hornet for 3 turns
 20038 | Lair:5   | Identified the +7 quarterstaff "Zahetot" {elec, Int+2}
 21440 | D:11     | Received a gift from Nemelex Xobeh
 21716 | Orc:1    | Entered Level 1 of the Orcish Mines
 21722 | Orc:1    | HP: 4/124 [ettin/+0 dire flail (28)]
 22071 | Orc:1    | Found a bloodstained altar of Trog.
 22211 | Orc:2    | Entered Level 2 of the Orcish Mines
 22235 | Orc:2    | Noticed an orc warlord
 22236 | Orc:2    | an orc warlord changed into an azure jelly
 22236 | Orc:2    | Noticed an azure jelly
 22242 | Orc:2    | an azure jelly changed into a merfolk
 22253 | Orc:2    | Found Jemusograo's Jewellery Boutique.
 22259 | Orc:2    | Noticed Nessos
 22272 | Orc:2    | Killed Nessos
 22299 | Orc:2    | Found Jeguugan's Antique Weapon Boutique.
 22394 | Orc:2    | Found Ypyan's Antique Armour Boutique.
 22414 | Orc:2    | Found a dark tunnel.
 22425 | Volcano  | Entered a volcano
 23115 | Volcano  | Noticed a red draconian
 23126 | Volcano  | Killed a red draconian
 23236 | Volcano  | Noticed an orb of fire
 23588 | Volcano  | Noticed an orb of fire
 23800 | Orc:2    | Bought a turquoise-encrusted troll leather armour for 520
                  | gold pieces
 23800 | Orc:2    | Identified the +4 troll leather armour of Grace {rPois
                  | Regen+} (You bought it in a shop on level 2 of the Orcish
                  | Mines)
 23810 | Orc:2    | Bought an emerald-encrusted chain mail for 247 gold pieces
 23810 | Orc:2    | Identified the +13 chain mail of Jorchi {Harm rF- rCorr}
                  | (You bought it in a shop on level 2 of the Orcish Mines)
 24264 | Orc:2    | Noticed Jorgrun
 24266 | Orc:2    | Received a gift from Nemelex Xobeh
 24267 | Orc:2    | Found Cumaocej's General Store.
 24282 | Orc:2    | Killed Jorgrun
 24287 | Orc:2    | Reached skill level 17 in Invocations
 24821 | Orc:2    | Found a staircase to the Elven Halls.
 24991 | Orc:1    | Noticed an orc warlord
 25002 | Orc:2    | Reached XP level 15. HP: 83/130 MP: 27/27
 25133 | Orc:1    | Paralysed by an orc sorcerer for 2 turns
 25317 | Orc:1    | an orc warlord changed into a death yak
 25700 | Orc:1    | Found Ipielit's Distillery.
 25962 | D:12     | Received a gift from Nemelex Xobeh
 26029 | D:12     | Found Ysi Paji's Assorted Antiques.
 26053 | D:12     | Found Fuoraosa's Specific Store.
 26080 | D:12     | Found Yptor's General Store.
 26293 | D:12     | Found a viscous altar of Jiyva.
 26310 | D:12     | Identified the +1 pair of boots of Ru's Scorn {Fly rF+
                  | Will+}
 26317 | D:12     | Lost mutation: You passively dampen the noise of your
                  | surroundings. [potion of mutation]
 26317 | D:12     | Lost mutation: Your spells are a little easier to cast, but
                  | a little less powerful. [potion of mutation]
 26317 | D:12     | Lost mutation: You occasionally lose the ability to drink
                  | potions when taking damage. [potion of mutation]
 26317 | D:12     | Gained mutation: You have large cloven feet. [potion of
                  | mutation]
 26317 | D:12     | Gained mutation: You have hidden genetic defects. [potion
                  | of mutation]
 26317 | D:12     | Gained mutation: You have sharp fingernails. [potion of
                  | mutation]
 27126 | D:13     | Received a gift from Nemelex Xobeh
 27652 | D:13     | Found a gate to the Vaults.
 27876 | D:13     | Received a gift from Nemelex Xobeh
 28095 | D:13     | Gained mutation: You are vulnerable to heat. (rF-) [hidden
                  | defects]
 28333 | D:13     | Received a gift from Nemelex Xobeh
 28640 | Shoals:1 | Entered Level 1 of the Shoals
 28975 | Shoals:1 | Lost mutation: You have sharp fingernails. [potion of
                  | mutation]
 28975 | Shoals:1 | Lost mutation: You have large cloven feet. [potion of
                  | mutation]
 28975 | Shoals:1 | Lost mutation: You are vulnerable to heat. (rF-) [potion of
                  | mutation]
 28975 | Shoals:1 | Gained mutation: Your body sometimes deteriorates upon
                  | taking damage. [potion of mutation]
 28975 | Shoals:1 | Gained mutation: Your muscles are strong. (Str +4, Int/Dex
                  | -1) [potion of mutation]
 28975 | Shoals:1 | Gained mutation: Your spells are a little harder to cast,
                  | but a little more powerful. [potion of mutation]
 29183 | Shoals:1 | Received a gift from Nemelex Xobeh
 29752 | Shoals:1 | Found Ycirphuth's CLEARANCE SALE!.
 29757 | Shoals:1 | Lost mutation: Your body sometimes deteriorates upon taking
                  | damage. [potion of mutation]
 29757 | Shoals:1 | Lost mutation: Your spells are a little harder to cast, but
                  | a little more powerful. [potion of mutation]
 29796 | Shoals:1 | Gained mutation: Your body sometimes deteriorates upon
                  | taking damage. [hidden defects]
 29796 | Shoals:1 | Lost mutation: You have hidden genetic defects. [hidden
                  | defects expressed]
 29959 | Shoals:1 | Reached skill level 18 in Invocations
 30756 | Shoals:2 | Found Jiokk's Assorted Antiques.
 30765 | Shoals:2 | Bought a smelly plate armour for 952 gold pieces
 30765 | Shoals:2 | Identified the +6 plate armour "Ocoaw" {rC++ rCorr Str-3}
                  | (You bought it in a shop on level 2 of the Shoals)
 30789 | Shoals:2 | Found Meinir's General Store.
 31279 | Shoals:2 | Found Ungenwun's Weapon Emporium.
 31332 | Shoals:2 | Received a gift from Nemelex Xobeh
 32149 | Shoals:3 | Drowned by a drowned soul

Illustrated notes

Levels and vault maps discovered:
D:1:      minmay_arrival_plants_in_alcoves, layout_loops_ring,
          dreamdust_ecumenical_altar_grove
D:2:      layout_basic, basic_altar, minmay_close_crescents, uniq_robin
D:3:      layout_rooms, minmay_misc_feat_five, minmay_misc_feat_four_crosses,
          chequers_serial_rivers_micro_c, st_stairs_13,
          minmay_fractal_squares_gapless_5
D:4:      nicolae_BIG_FREAKIN_CUBE, layout_cave_pools
D:5:      kennysheep_kobold_camp, layout_gridville, mainiacjoe_overflow_catwalk,
          minmay_temple_entry_wispy, nicolae_ossuary_entry_false_entrances
D:6:      layout_basic, serial_curves, eino_curves_01, eino_curves_04,
          chequers_arboretum, chequers_serial_rivers_large_a,
          minmay_fractal_squares_5, uniq_menkaure
D:7:      minmay_the_grid_octo_tiled_octocenter [minmay_the_grid_octo_shrine,
          minmay_the_grid_octo_clover, minmay_the_grid_octo_vomiting_pacman,
          minmay_the_grid_octo_odd_swirl,
          minmay_the_grid_octo_prize_single_spiral,
          minmay_the_grid_square_5x5_broken_cross,
          minmay_the_grid_square_5x5_three_small,
          minmay_the_grid_square_5x5_percent,
          minmay_the_grid_square_5x5_two_walls_b], layout_basic,
          kennysheep_little_box, serial_shops, nicolae_shop_overgrown_old_shop,
          nicolae_shop_statue_plus, shop, nicolae_lakefront_shop, shop,
          abandoned_shop, uniq_duvessa
D:8:      layout_layer_cave, hangedman_ru_absence, serial_shops,
          kennysheep_mini, minmay_misc_feat_iff
D:9:      layout_basic, grunt_ashenzari_visionary
          [grunt_ashenzari_visionary_shoals, grunt_ashenzari_visionary_spider],
          fedhas_ov_isle_minmay, tgw_kikubaaqudgha,
          mainiacjoe_overflow_divided_tiny
D:10:     layout_basic, minmay_orc_entry_temple_small
D:11:     minmay_goldmine, layout_irregular_city, minmay_lair_entry_grove,
          portal_ice_cave_demonic_guard, uniq_harold
D:12:     layout_roguey, serial_shops, nicolae_inconvenience_store,
          minmay_misc_feat_chi, chequers_serial_rivers_micro_d,
          nicolae_specific_store, chequers_serial_rivers_small_b, jiyva_altar_1
D:13:     kennysheep_demon_hangout, layout_irregular_city, erik_vaults_2,
          serial_co_window_serial, co_window_of_opportunity_a,
          co_window_cross_1, co_window_corner_a, co_window_corner_a,
          co_window_corner_a, co_window_of_opportunity_b,
          co_window_of_opportunity_c, co_window_broadway_b, co_window_2corner,
          co_window_corner_b, co_window_paths_c, glass_columns_c,
          minmay_misc_feat_roman
Lair:1:   layout_cave_pods, lemuel_fruit_fields, grunt_megastairs_3,
          lemuel_fruit_tree
Lair:2:   layout_loops_ring, spider_nest_entry_a, minivault_11,
          chequers_serial_rivers_micro_d, uniq_maggie, uniq_fannar
Lair:3:   layout_roguey, minmay_shoals_entry_beasts,
          eino_small_chamber_without_monster, nicolae_quartered_pool_medium,
          nzn_sisyphean_effort
Lair:4:   layout_regular_city, grunt_megastairs_2
Lair:5:   gammafunk_lair_ancient_temple, layout_concentric_octagons,
          dpeg_slime_entry_corner, lemuel_fruit_fields
Shoals:1: layout_shoals, nicolae_shop_clearance
Shoals:2: layout_shoals, serial_shops, shop, nicolae_shop_hallway_plus,
          nicolae_diamond_shop
Shoals:3: layout_shoals, nicolae_shoals_so_close
Orc:1:    cheibrodos_orc_arena, layout_caves, basic_altar, serial_shops, shop
Orc:2:    grunt_orc_gardens, layout_diamond_mine, grunt_orc_garden,
          grunt_orc_garden, grunt_orc_garden, grunt_orc_garden,
          lightli_volcano_entry_magma_tube, uniq_jorgrun, uniq_nessos

Skill      XL: |  1  2  3  4  5  6  7  8  9 10 11 12 13 14 15 |
---------------+----------------------------------------------+-----
Axes           | 3 4 5 6 7 8 9 10 11 12 13 | 13.6
Fighting       | 4 5 6 7 8 9 10 11 12 | 12.7
Dodging        | 1 2 3 4 5 6 7 8 |  8.7
Invocations    | 1 2 3 4 5 7 9 10 12 14 15 17 18 | 18.3
Shields        | 4 5 6 7 8 9 10 11 | 11.9
Armour         | 4 5 6 7 8 9 10 11 | 11.8
Evocations     | 2 4 5 6 7 8 |  8.7

Action                   |  1- 3 |  4- 6 |  7- 9 | 10-12 | 13-15 || total
-------------------------+-------+-------+-------+-------+-------++-------
Melee: War axe           |   114 |   162 |   302 |   610 |  1343 ||  2531
Throw: Throwing net      |       |       |       |     3 |       ||     3
Invok: Draw Destruction  |       |     1 |     5 |    33 |    36 ||    75
       Draw Summoning    |       |       |     2 |    11 |     1 ||    14
       Draw Escape       |       |       |     1 |     2 |     2 ||     5
       Triple Draw       |       |       |       |     1 |       ||     1
       Deal Four         |       |       |       |       |     4 ||     4
Evoke: Wand              |       |       |       |     7 |       ||     7
  Use: Scroll            |     7 |     7 |     5 |    13 |     5 ||    37
       Potion            |     3 |     2 |     1 |     7 |    10 ||    23
 Stab: Held in net/web   |       |       |       |     1 |       ||     1
       Distracted        |       |       |       |       |     1 ||     1
Armor: Scale mail        |    68 |    95 |   203 |   180 |       ||   546
       Chain mail        |       |       |       |   172 |   778 ||   950
       Plate armour      |       |       |       |       |    10 ||    10
Dodge: Dodged            |    55 |    81 |   190 |   330 |   660 ||  1316
Block: Buckler           |    26 |    41 |    96 |   182 |   404 ||   749

Table legend: (Time is in decaauts)
 A = Elapsed time spent in this place.
 B = Non-inter-level travel time spent in this place.
 C = Inter-level travel time spent in this place.
 D = Time resting spent in this place.
 E = Time spent auto-exploring this place.
 F = Levels seen in this place.
 G = Mean time per level.
                   A        B        C        D        E       F      G
               +--------+--------+--------+--------+--------+-----+--------+
         Total |  32329 |  31275 |   1054 |   1988 |  24068 |  26 | 1243.4 |
       Dungeon |  15355 |  14782 |    573 |    592 |  11661 |  13 | 1181.2 |
          Lair |   8931 |   8669 |    262 |    310 |   7094 |   5 | 1786.2 |
        Shoals |   3467 |   3360 |    107 |    351 |   2517 |   3 | 1155.7 |
  Orcish Mines |   2571 |   2461 |    110 |    264 |   1645 |   2 | 1285.5 |
       Ossuary |    159 |    159 |      0 |      0 |     75 |   1 |  159.0 |
      Ice Cave |    531 |    531 |      0 |    222 |    228 |   1 |  531.0 |
       Volcano |   1313 |   1313 |      0 |    249 |    848 |   1 | 1313.0 |
               +--------+--------+--------+--------+--------+-----+--------+

Top non-repeatable levels by time:
  Lair:5: 3218 daAuts
     D:7: 2024 daAuts
Shoals:1: 2018 daAuts
    D:10: 1710 daAuts
    D:13: 1702 daAuts
  Lair:4: 1674 daAuts
   Orc:2: 1620 daAuts
    D:11: 1616 daAuts
  Lair:1: 1435 daAuts
  Lair:3: 1385 daAuts
Shoals:2: 1383 daAuts
 Volcano: 1313 daAuts
     D:8: 1272 daAuts
  Lair:2: 1217 daAuts
     D:9: 1077 daAuts
